 Dungeon Crawl Stone Soup version 0.30-a0-335-ge5acde7520 (webtiles) character file.

Game seed: 15608905016502049214

4868 twist the Ducker (level 10, -2/76 HPs)
             Began as a Gnoll Hexslinger on Oct 30, 2022.
             Slain by a troll (10 damage)
             ... on level 7 of the Dungeon.
             The game lasted 00:16:35 (9795 turns).

twist the Ducker (Gnoll Hexslinger)                 Turns: 9795, Time: 00:16:36

Health: -2/76      AC: 13    Str:  9    XL:     10   Next: 50%
Magic:  19/19      EV: 13    Int: 16    God:
Gold:   515        SH:  6    Dex: 18    Spells: 14/21 levels left

rFire   . . .      SeeInvis .    g - +7 mace of Causality {venom, Dex+4}
rCold   . . .      Faith    .    l - +0 buckler
rNeg    . . .      Spirit   .    x - +2 ring mail {Will+}
rPois   .          Reflect  .    v - +0 helmet
rElec   .          Harm     .    n - +0 cloak
rCorr   .          Rampage  .    A - +0 pair of gloves {hurl}
Will    +....                    h - +0 pair of boots
Stlth   +++.......               (no amulet)
HPRegen 0.32/turn                e - ring of wizardry
MPRegen 0.16/turn                (no ring)

@: no status effects
A: fangs 1, strong nose, distributed training
a: no special abilities


You were on level 7 of the Dungeon.
You visited 1 branch of the dungeon, and saw 8 of its levels.

You collected 515 gold pieces.

Inventory:

Hand Weapons
 a - a +1 sling
 b - a +2 flail of draining
 g - the +7 mace of Causality (weapon) {venom, Dex+4}
   (You found it on level 2 of the Dungeon)

   It poisons the flesh of those it strikes.
   Dex:       It affects your dexterity (+4).
 j - a +1 whip of electrocution
 t - a +7 dagger
Missiles
 k - 5 curare-tipped darts (quivered)
 B - 12 poisoned darts
 C - 4 silver javelins
Armour
 h - a +0 pair of boots (worn)
 l - a +0 buckler (worn)
 n - a +0 cloak (worn)
 v - a +0 helmet (worn)
 x - a +2 ring mail of willpower (worn)
 A - a +0 pair of gloves of hurling (worn)
Jewellery
 e - a ring of wizardry (left hand)
Scrolls
 m - 2 scrolls of fear
 q - 4 scrolls of magic mapping
 r - a scroll of fog
 s - a scroll of blinking
 w - 2 scrolls of teleportation
 y - 3 scrolls of identify
Potions
 c - 2 potions of mutation
 d - 3 potions of heal wounds
 f - 2 potions of attraction
 i - 3 potions of haste
 o - 3 potions of lignification
 p - 2 potions of curing
 u - a potion of cancellation
 z - a potion of brilliance


   Skills:
 + Level 6.2 Fighting
 + Level 5.5 Short Blades
 + Level 5.5 Long Blades
 + Level 5.5 Axes
 + Level 5.5 Maces & Flails
 + Level 5.5 Polearms
 + Level 5.5 Staves
 + Level 7.3 Ranged Weapons
 + Level 5.5 Throwing
 + Level 5.5 Armour
 + Level 7.3 Dodging
 + Level 5.5 Stealth
 + Level 5.5 Shields
 + Level 5.5 Unarmed Combat
 + Level 6.3 Spellcasting
 + Level 4.5 Conjurations
 + Level 7.2 Hexes
 + Level 4.5 Summonings
 + Level 4.5 Necromancy
 + Level 4.5 Translocations
 + Level 4.5 Transmutations
 + Level 4.5 Fire Magic
 + Level 4.5 Ice Magic
 + Level 4.5 Air Magic
 + Level 4.5 Earth Magic
 + Level 4.5 Poison Magic
 + Level 6.1 Invocations
 + Level 5.5 Evocations


You had 14 spell levels left.
You knew the following spells:

 Your Spells              Type           Power      Damage    Failure   Level
a - Slow                  Hex            100%       N/A       1%          1
b - Inner Flame           Hex/Fire       23%        N/A       4%          3
c - Ignite Poison         Fire/Tmut/Pois 19%        N/A       8%          3

Your spell library contained the following spells:

 Spells                   Type           Power      Damage    Failure   Level
 Beastly Appendage        Tmut           38%        N/A       2%          1
 Sting                    Tmut/Pois      76%        1d6       2%          1
 Poisonous Vapours        Pois/Air       38%        N/A       4%          2
 Wereblood                Tmut           19%        N/A       4%          2
 Portal Projectile        Hex/Tloc       46%        N/A       4%          3
 Call Canine Familiar     Summ           19%        N/A       8%          3
 Gell's Gravitas          Tloc           19%        N/A       8%          3
 Kindle Blastsparks       Fire/Tloc/Air  38%        2d13      8%          3
 Spider Form              Tmut/Pois      19%        N/A       8%          3
 Teleport Other           Tloc           19%        N/A       8%          3
 Cause Fear               Hex            14%        N/A       9%          4
 Animate Armour           Summ/Erth      38%        N/A       26%         4
 Olgreb's Toxic Radiance  Pois           19%        N/A       26%         4
 Summon Ice Beast         Ice/Summ       19%        N/A       26%         4
 Summon Mana Viper        Hex/Summ       23%        N/A       38%         5
 Blade Hands              Tmut           9%         N/A       54%         5
 Freezing Cloud           Conj/Ice/Air   9%         6-21      54%         5
 Dispersal                Tloc           9%         N/A       98%         6
 Iron Shot                Conj/Erth      9%         9d3       98%         6
 Monstrous Menagerie      Summ           9%         N/A       100%        7


Dungeon Overview and Level Annotations

Branches:
Dungeon (8/15)             Temple (0/1) D:6            Lair (0/5) D:8

Altars:
Ashenzari
Hepliaklqana
Wu Jian
Zin


Innate Abilities, Weirdness & Mutations

You have very sharp teeth.
Your uncanny sense of smell can sniff out nearby items.
Your experience applies equally to all skills.


Message History

The troll barely misses you. The troll claws you!
* * * LOW HITPOINT WARNING * * *
The troll completely misses you.
You closely miss the troll.
The troll is moderately wounded.
The troll bites you!
* * * LOW HITPOINT WARNING * * *
You block the troll's attack. x2
Unknown command.
You barely miss the troll. You bite the troll, but do no damage.
The troll is lightly wounded.
The troll bites you!
* * * LOW HITPOINT WARNING * * *
The troll claws you but does no damage. The troll claws you!
* * * LOW HITPOINT WARNING * * *
Unknown command.
You sock the troll! Your bite misses the troll.
The troll is moderately wounded.
The troll bites you but does no damage. The troll claws you but does no damage.
You block the troll's attack.
You hit the troll.
The troll looks as sick as possible!
The troll is heavily wounded.
The troll completely misses you. The troll claws you but does no damage.
The troll claws you.
* * * LOW HITPOINT WARNING * * *
Unknown command.
You hit the troll.
The troll looks as sick as possible!
Your bite misses the troll.
The troll is heavily wounded.
The troll misses you. The troll claws you!
* * * LOW HITPOINT WARNING * * *
The troll claws you.
* * * LOW HITPOINT WARNING * * *
Unknown command.
You thump the troll!
The troll is almost dead.
The troll bites you but does no damage. The troll claws you!
* * * LOW HITPOINT WARNING * * *
The troll barely misses you. You block the troll's attack. The troll claws you!
You die...

## ##.#.#....#.#.......##
.###..#.######.#..#.....#
..##..#........#.###....#
......##########.# #....#
....#............# ##..##
.....#####....#### #..#
.....## ##....## ##.#
......## #.....## #.#
.......# ##....@## #.##
.......# ######T####..#
.......### #..T#..##..##
.........####$?.'...#.##
............#.?.#......#
.......##########..#...##
######## ##..####..#
#..## #### ##..#


You could see a troll (extremely poisoned).

Vanquished Creatures
  The ghost of loralnil the Covert, a novice SpEn of Dithmenos (D:7)
  A komodo dragon (D:8)
  Grinder (D:4)
  Prince Ribbit (D:8)
  A slime creature (D:8)
  4 yaks
  Edmund (D:5)
  2 water moccasins
  2 sky beasts
  2 black bears (D:8)
  A centaur (D:5)
  A phantom (D:6)
  2 kobold brigands
  A gnoll sergeant (D:7)
  5 bullfrogs (D:8)
  2 scorpions
  4 wights (D:8)
  2 howler monkeys
  2 gnoll boudas
  7 hounds
  2 jellies
  8 orc priests
  Terence (D:3)
  An iguana (D:5)
  11 orc wizards
  Robin (D:3)
  29 gnolls
  9 adders
  A shadow imp (D:5)
  A white imp (D:7)
  A worm (D:3)
  3 dart slugs
  23 orcs
  7 bats
  3 endoplasms
  5 giant cockroaches
  20 goblins
  13 hobgoblins
  6 jackals
  2 quokkas
  7 ball pythons
  3 frilled lizards
  15 kobolds
  6 rats
221 creatures vanquished.

Vanquished Creatures (others)
  47 fungi (D:8)
  33 plants (D:8)
80 creatures vanquished.

Grand Total: 301 creatures vanquished

Notes
Turn   | Place    | Note
-------+----------+-------------------------------------------
     0 | D:1      | twist the Gnoll Hexslinger began the quest for the Orb.
     0 | D:1      | Reached XP level 1. HP: 17/17 MP: 4/4
   127 | D:1      | Reached XP level 2. HP: 23/23 MP: 5/5
  1164 | D:2      | Reached XP level 3. HP: 28/28 MP: 7/7
  1173 | D:2      | Learned a level 3 spell: Inner Flame
  1274 | D:2      | Found a faded altar of an unknown god.
  1324 | D:2      | Identified the +7 mace of Causality {venom, Dex+4}
  1393 | D:2      | Reached skill level 1 in Invocations
  1603 | D:2      | Reached skill level 1 in Short Blades
  1603 | D:2      | Reached skill level 1 in Long Blades
  1603 | D:2      | Reached skill level 1 in Axes
  1603 | D:2      | Reached skill level 1 in Maces & Flails
  1603 | D:2      | Reached skill level 1 in Polearms
  1603 | D:2      | Reached skill level 1 in Staves
  1603 | D:2      | Reached skill level 1 in Throwing
  1603 | D:2      | Reached skill level 1 in Armour
  1603 | D:2      | Reached skill level 1 in Stealth
  1603 | D:2      | Reached skill level 1 in Shields
  1603 | D:2      | Reached skill level 1 in Unarmed Combat
  1603 | D:2      | Reached skill level 1 in Evocations
  1607 | D:2      | Reached XP level 4. HP: 29/34 MP: 8/8
  1609 | D:2      | Reached skill level 1 in Conjurations
  1609 | D:2      | Reached skill level 1 in Summonings
  1609 | D:2      | Reached skill level 1 in Necromancy
  1609 | D:2      | Reached skill level 1 in Translocations
  1609 | D:2      | Reached skill level 1 in Transmutations
  1609 | D:2      | Reached skill level 1 in Fire Magic
  1609 | D:2      | Reached skill level 1 in Ice Magic
  1609 | D:2      | Reached skill level 1 in Air Magic
  1609 | D:2      | Reached skill level 1 in Earth Magic
  1609 | D:2      | Reached skill level 1 in Poison Magic
  1722 | D:3      | Reached XP level 5. HP: 33/40 MP: 9/9
  1802 | D:3      | Learned a level 3 spell: Ignite Poison
  2238 | D:3      | Noticed Terence
  2250 | D:3      | Killed Terence
  2251 | D:3      | Reached XP level 6. HP: 37/47 MP: 0/11
  2732 | D:3      | Reached skill level 5 in Ranged Weapons
  2732 | D:3      | Reached skill level 5 in Dodging
  2820 | D:3      | Noticed Robin
  2935 | D:3      | Killed Robin
  3228 | D:4      | Noticed Grinder
  3253 | D:4      | Paralysed by Grinder for 5 turns
  3259 | D:4      | Killed Grinder
  3260 | D:4      | Reached XP level 7. HP: 21/52 MP: 5/12
  3385 | D:4      | Got the Spellbook of the Voyage and Adjuration
  3882 | D:4      | Found a glowing silver altar of Zin.
  3882 | D:4      | Noticed an angel
  3954 | D:4      | Found an ornate altar of the Wu Jian Council.
  4040 | D:5      | Entered Level 5 of the Dungeon
  4292 | D:5      | Reached XP level 8. HP: 54/60 MP: 14/14
  4680 | D:5      | Noticed Edmund
  4690 | D:5      | Killed Edmund
  5842 | D:6      | Found a broken altar of Ashenzari.
  5899 | D:6      | Reached XP level 9. HP: 42/66 MP: 9/16
  6097 | D:6      | Found a staircase to the Ecumenical Temple.
  6131 | D:6      | Reached skill level 5 in Spellcasting
  6259 | D:6      | Found a hazy altar of Hepliaklqana.
  7007 | D:7      | Reached skill level 5 in Fighting
  7606 | D:7      | Found a runed translucent door.
  7606 | D:7      | Noticed loralnil's ghost (novice SpEn)
  7606 | D:7      | Noticed a troll
  8220 | D:7      | Reached skill level 5 in Invocations
  8473 | D:8      | Noticed Prince Ribbit
  8522 | D:8      | Noticed a komodo dragon
  8548 | D:8      | Killed a komodo dragon
  8549 | D:8      | Reached skill level 5 in Short Blades
  8549 | D:8      | Reached skill level 5 in Long Blades
  8549 | D:8      | Reached skill level 5 in Axes
  8549 | D:8      | Reached skill level 5 in Maces & Flails
  8549 | D:8      | Reached skill level 5 in Polearms
  8549 | D:8      | Reached skill level 5 in Staves
  8549 | D:8      | Reached skill level 5 in Throwing
  8549 | D:8      | Reached skill level 5 in Armour
  8549 | D:8      | Reached skill level 5 in Stealth
  8549 | D:8      | Reached skill level 5 in Shields
  8549 | D:8      | Reached skill level 5 in Unarmed Combat
  8549 | D:8      | Reached skill level 5 in Evocations
  8552 | D:8      | Killed Prince Ribbit
  8553 | D:8      | Reached XP level 10. HP: 61/76 MP: 11/18
  9313 | D:8      | Found a staircase to the Lair.
  9787 | D:7      | Killed loralnil's ghost
  9795 | D:7      | Slain by a troll

Illustrated notes

Levels and vault maps discovered:
D:1:      scummos_arrival_forest, layout_loops_ring
D:2:      layout_loops_cross, ebering_ecumenical_altar_abandoned
D:3:      kennysheep_goblin_castle, layout_basic, grunt_decor_resistance,
          uniq_terence
D:4:      layout_cave_pools, nzn_wu_jian_council_hall, zin_angel,
          kennysheep_minor_cross, minivault_1, uniq_grinder
D:5:      layout_cave_pods, grunt_ministairs_1, lexackson_kobold_supper,
          uniq_edmund
D:6:      layout_rooms, evilmike_ruin_ashenzari, marbit_many_paths,
          minmay_temple_entry_trees
D:7:      layout_cave_pods, ebering_ghost_inner_flame, serial_rivers,
          chequers_serial_rivers_small_b, chequers_serial_rivers_small_3,
          chequers_serial_rivers_small_b, chequers_serial_rivers_small_3,
          chequers_serial_rivers_room_b, minivault_5, grunt_ministairs_6
D:8:      layout_loops_ring, due_lair_maze_entry_diamond,
          lightli_bailey_entry_fortress, uniq_prince_ribbit1

Skill      XL: |  1  2  3  4  5  6  7  8  9 10 |
---------------+-------------------------------+-----
Invocations    | 1 2 3 4 5 6 |  6.1
Short Blades   | 1 2 3 5 |  5.5
Long Blades    | 1 2 3 5 |  5.5
Axes           | 1 2 3 5 |  5.5
Maces & Flails | 1 2 3 5 |  5.5
Polearms       | 1 2 3 5 |  5.5
Staves         | 1 2 3 5 |  5.5
Throwing       | 1 2 3 5 |  5.5
Armour         | 1 2 3 5 |  5.5
Stealth        | 1 2 3 5 |  5.5
Shields        | 1 2 3 5 |  5.5
Unarmed Combat | 1 2 3 5 |  5.5
Evocations     | 1 2 3 5 |  5.5
Spellcasting   | 3 4 5 6 |  6.3
Conjurations   | 1 2 3 4 |  4.5
Summonings     | 1 2 3 4 |  4.5
Necromancy     | 1 2 3 4 |  4.5
Translocations | 1 2 3 4 |  4.5
Transmutations | 1 2 3 4 |  4.5
Fire Magic     | 1 2 3 4 |  4.5
Ice Magic      | 1 2 3 4 |  4.5
Air Magic      | 1 2 3 4 |  4.5
Earth Magic    | 1 2 3 4 |  4.5
Poison Magic   | 1 2 3 4 |  4.5
Fighting       | 3 4 5 6 |  6.2
Ranged Weapons | 5 6 7 |  7.3
Dodging        | 5 6 7 |  7.3
Hexes          | 6 7 |  7.2

Action                   |  1- 3 |  4- 6 |  7- 9 | 10-12 || total
-------------------------+-------+-------+-------+-------++-------
Melee: Mace              |    20 |   116 |   310 |   121 ||   567
       Bite              |     1 |     4 |    40 |    16 ||    61
       Whip              |       |       |    14 |       ||    14
 Fire: Sling             |    76 |       |     7 |       ||    83
 Cast: Slow              |     3 |       |    16 |       ||    19
       Ignite Poison     |       |     2 |    11 |     9 ||    22
  Use: Scroll            |     5 |     3 |     7 |     5 ||    20
       Potion            |     1 |       |     2 |       ||     3
 Stab: Sleeping          |     1 |     2 |       |       ||     3
Armor: Robe              |     2 |       |       |       ||     2
       Leather armour    |    10 |    23 |    45 |       ||    78
       Ring mail         |       |       |   100 |    53 ||   153
Dodge: Dodged            |    34 |    66 |   215 |   103 ||   418
Block: Buckler           |     5 |    23 |   102 |    46 ||   176

Table legend: (Time is in decaauts)
 A = Elapsed time spent in this place.
 B = Non-inter-level travel time spent in this place.
 C = Inter-level travel time spent in this place.
 D = Time resting spent in this place.
 E = Time spent auto-exploring this place.
 F = Levels seen in this place.
 G = Mean time per level.
                   A        B        C        D        E       F      G
               +--------+--------+--------+--------+--------+-----+--------+
         Total |  10009 |   9327 |    682 |    506 |   6717 |   8 | 1251.1 |
       Dungeon |  10009 |   9327 |    682 |    506 |   6717 |   8 | 1251.1 |
               +--------+--------+--------+--------+--------+-----+--------+

Top non-repeatable levels by time:
     D:7: 1909 daAuts
     D:3: 1563 daAuts
     D:5: 1482 daAuts
     D:8: 1332 daAuts
     D:4: 1018 daAuts
     D:1: 1006 daAuts
     D:6: 975 daAuts
     D:2: 721 daAuts
